 Dungeon Crawl Stone Soup version 0.29.0-11-gd7f09526c8 (webtiles) character file.

Game seed: 230419662941886841

28417 funkygono the Arsonist (level 13, -19/72 HPs)
             Began as a Gargoyle Fire Elementalist on Sept 5, 2022.
             Was an Elder of Vehumet.
             Killed from afar by a lindwurm (29 damage)
             ... with a blast of flame
             ... on level 3 of the Lair of Beasts.
             The game lasted 00:33:14 (19621 turns).

funkygono the Arsonist (GrFE)                      Turns: 19621, Time: 00:33:15

Health: -19/72     AC: 24    Str: 13    XL:     13   Next: 38%
Magic:  28/29      EV: 13    Int: 24    God:    Vehumet [****..]
Gold:   411        SH:  0    Dex: 10    Spells: 14/36 levels left

rFire   . . .      SeeInvis +   Q - +5 falchion
rCold   . . .      Faith    .   (no shield)
rNeg    + . .      Spirit   .   a - +0 robe
rPois   ∞          Reflect  .   A - +1 helmet
rElec   +          Harm     .   x - +1 cloak
rCorr   .          Rampage  .   l - +1 pair of gloves
Will    .....                   d - +2 pair of boots of Cutoj {+Blink rElec rPois Int+4}
Stlth   +++.......              r - amulet of the acrobat
HPRegen 0.22/turn               c - +4 ring of protection
MPRegen 0.21/turn               B - ring of see invisible

@: no status effects
A: sickness immunity, AC +9, negative energy resistance 1, electricity
resistance, torment resistance 1, petrification resistance
a: Renounce Religion, Evoke Blink


You were on level 3 of the Lair of Beasts.
You worshipped Vehumet.
Vehumet was greatly pleased with you.
You visited 2 branches of the dungeon, and saw 15 of its levels.
You also visited: Sewer.

You collected 1109 gold pieces.
You spent 698 gold pieces at shops.

Inventory:

Hand Weapons
 j - a +2 long sword
 Q - a +5 falchion (weapon)
Armour
 a - a +0 robe (worn)
 d - the +2 pair of boots of Cutoj (worn) {+Blink rElec rPois Int+4}
   (You bought it in a shop on level 4 of the Dungeon)

   Int:       It affects your intelligence (+4).
   rElec:     It insulates you from electricity.
   rPois:     It protects you from poison.
   +Blink:    It lets you blink.
 h - a +1 hat of intelligence
 i - +0 fire dragon scales
 l - a +1 pair of gloves (worn)
 t - a scarf of resistance
 x - a +1 cloak (worn)
 A - a +1 helmet (worn)
 J - the +2 robe of the Lost Path {rPois Will+ Regen+ Int-2}
   (You found it on level 9 of the Dungeon)

   Int:       It affects your intelligence (-2).
   rPois:     It protects you from poison.
   Regen:     It increases your rate of health regeneration.
   Will:      It increases your willpower.
Jewellery
 c - a +4 ring of protection (left hand)
 r - an amulet of the acrobat (around neck)
 B - a ring of see invisible (right hand)
 K - an amulet of guardian spirit
Wands
 g - a wand of roots (12)
 v - a wand of mindburst (20)
 y - a wand of light (10)
 L - a wand of polymorph (1)
 N - a wand of flame (6)
 R - a wand of charming (6)
Scrolls
 k - a scroll of amnesia
 u - 8 scrolls of teleportation
 w - 2 scrolls of fear
 D - a scroll of enchant armour
 E - a scroll of identify
 H - 3 scrolls of fog
Potions
 b - 3 potions of magic
 e - 5 potions of ambrosia
 f - a potion of mutation
 m - 4 potions of might
 n - 3 potions of flight
 o - 5 potions of curing
 p - a potion of heal wounds
 q - 6 potions of brilliance
 s - 8 potions of haste
 z - a potion of berserk rage
 T - a potion of cancellation {unknown}
Miscellaneous
 C - a phantom mirror (inert)


   Skills:
 + Level 4.9 Fighting
 + Level 5.2 Long Blades
 + Level 5.2 Dodging
 + Level 5.9 Stealth
 + Level 12.2 Spellcasting
 + Level 9.9 Conjurations
 + Level 12.2 Fire Magic
 + Level 1.0 Ice Magic
 + Level 0.3 Air Magic
 + Level 1.1 Evocations


You had 14 spell levels left.
You knew the following spells:

 Your Spells              Type           Power      Damage    Failure   Level
a - Foxfire               Conj/Fire      100%       2x1d9     1%          1
b - Scorch                Fire           100%       2d10      1%          2
c - Conjure Flame         Conj/Fire      61%        6-21      1%          3
d - Flame Wave            Conj/Fire      61%        2d14      1%          4
e - Freeze                Ice            76%        1d9       1%          1
f - Static Discharge      Conj/Air       39%        3-8/arc   1%          2
g - Fireball              Conj/Fire      30%        3d13      1%          5
h - Hailstorm             Conj/Ice       41%        3d10      1%          4

Your spell library contained the following spells:

 Spells                   Type           Power      Damage    Failure   Level
 Inner Flame              Hex/Fire       44%        N/A       1%          3
 Apportation              Tloc           28%        N/A       4%          1
 Beastly Appendage        Tmut           28%        N/A       4%          1
 Necrotise                Necr           56%        1d6       4%          1
 Summon Small Mammal      Summ           56%        N/A       4%          1
 Wereblood                Tmut           14%        N/A       6%          2
 Spider Form              Tmut/Pois      14%        N/A       13%         3


Dungeon Overview and Level Annotations

Branches:
Dungeon (12/15)            Temple (0/1) D:6            Lair (3/5) D:8
  Swamp (0/4) Lair:2        Snake (0/4) Lair:3          Orc (0/2) D:12
  Sewer (visited)

Altars:
Dithmenos
Hepliaklqana
Nemelex Xobeh
Uskayaw
Vehumet
Xom
Yredelemnul

Shops:
D:4 !([?   D:10 *

Annotations:
D:11 1 runed translucent door, dittoslash's ghost, novice PaFi


Innate Abilities, Weirdness & Mutations

You are immune to sickness and miasma.
Your stone body is resilient. (AC +9)
You are immune to poison.
You resist negative energy. (rN+)
You are resistant to electric shocks. (rElec)
You are resistant to unholy torment.
You are immune to petrification.


Message History

The lindwurm is severely wounded.
The lindwurm bites you but does no damage.
The lindwurm claws you but does no damage.
The lindwurm completely misses you.
You're too confused to cast spells.
Unknown command.
Unknown command.
Unknown command.
You're too confused to cast spells.
Unknown command.
Unknown command.
You bump into the rock wall.
The lindwurm bites you.
The lindwurm claws you but does no damage.
The lindwurm barely misses you.
You hit the lindwurm but do no damage.
The lindwurm is severely wounded.
The lindwurm bites you but does no damage.
The lindwurm claws you. The lindwurm completely misses you.
You bump into the rock wall.
The lindwurm breathes flames at you. The blast of flame hits you!!
* * * LOW HITPOINT WARNING * * *
You bump into the rock wall.
The lindwurm completely misses you.
The lindwurm claws you but does no damage. x2
You bump into the rock wall.
You feel less invigorated.
You feel less confused. The lindwurm bites you!
* * * LOW HITPOINT WARNING * * *
The lindwurm barely misses you.
The lindwurm claws you but does no damage.
Casting: Freeze (safe; 1% risk of failure)
Confirm with . or Enter, or press ? or * to list all spells.
Aiming: Freeze (safe; 1% risk of failure)
Press: ? - help, Shift-Dir - straight line, f/p - lindwurm
Aim: a lindwurm (severely wounded)
You freeze the lindwurm.
The lindwurm is severely wounded.
The lindwurm breathes flames at you. The blast of flame hits you!!
You die...

...........#
.##.####..####
##..#.#
##...## ####
##...###.P#
##.......#
#######.#
###.# #@kS#
###.....#
..#.>..#
#........#
##......##
###..P#.# ####
#


You could see a lindwurm (catching breath) and a guardian serpent.

Vanquished Creatures
  Gastronok (Lair:1)
  A fire dragon (Lair:2)
  3 hydras
  Harold (D:9)
  A boulder beetle (D:12)
  2 two-headed ogres
  The ghost of Netaeli the Spriggan Catastrophe, a journeyman SpVM of Qazlal (D:12)
  Pikel (D:9)
  5 cane toads
  A gargoyle (D:12)
  3 komodo dragons
  4 rime drakes
  7 kobold demonologists
  2 trolls
  Grinder (D:6)
  2 tyrant leeches (Lair:2)
  4 blink frogs (Lair:2)
  6 slime creatures (D:12)
  A shadow (D:12)
  A wraith (D:11)
  19 yaks
  2 wyverns
  4 basilisks (Lair:3)
  2 steam dragons
  10 vampire mosquitoes
  A swamp worm (Lair:2)
  9 water moccasins
  A swamp drake (D:12)
  13 orc warriors
  5 ice beasts
  3 black bears
  5 ogres
  3 centaurs
  4 phantoms
  A lemure (D:9)
  12 kobold brigands
  5 bullfrogs
  A necrophage (D:8)
  A scorpion (D:6)
  5 wights (D:9)
  14 killer bees
  9 howler monkeys
  6 electric eels
  13 orc priests
  3 hounds
  Natasha (thrice) (D:2)
  2 iguanas (D:6)
  12 orc wizards
  3 gnolls
  3 river rats (Sewer)
  11 adders
  3 shadow imps (D:6)
  2 white imps
  2 ufetubi (D:5)
  46 orcs
  3 endoplasms (D:4)
  2 giant cockroaches (D:4)
  7 goblins
  5 hobgoblins
  A jackal (Sewer)
  2 quokkas
  3 ball pythons
  3 bats
  A frilled lizard (D:2)
  21 kobolds
  3 rats
337 creatures vanquished.

Vanquished Creatures (collateral kills)
  8 foxfires
8 creatures vanquished.

Vanquished Creatures (others)
  An orc wizard (D:8)
  1036 foxfires
  8 fungi
  38 plants
1083 creatures vanquished.

Grand Total: 1428 creatures vanquished

Notes
Turn   | Place    | Note
-------+----------+-------------------------------------------
     0 | D:1      | funkygono the Gargoyle Fire Elementalist began the quest
                  | for the Orb.
     0 | D:1      | Reached XP level 1. HP: 10/10 MP: 3/3
   528 | D:1      | Reached XP level 2. HP: 15/15 MP: 1/5
   533 | D:1      | Learned a level 2 spell: Scorch
   864 | D:2      | Found a faded altar of an unknown god.
   966 | D:2      | Noticed Natasha
   976 | D:2      | Noticed a crimson imp
   979 | D:2      | Killed Natasha
   980 | D:2      | Reached XP level 3. HP: 12/19 MP: 1/6
   984 | D:2      | Learned a level 3 spell: Conjure Flame
  1162 | D:2      | Reached XP level 4. HP: 24/24 MP: 3/7
  1359 | D:2      | Noticed Natasha
  1363 | D:2      | Killed Natasha
  1444 | D:2      | Noticed Natasha
  1452 | D:2      | Killed Natasha
  1625 | D:3      | Reached XP level 5. HP: 28/28 MP: 6/9
  1963 | D:3      | Found a glowing drain.
  1972 | Sewer    | Entered a sewer
  2214 | Sewer    | Noticed a kobold brigand
  2223 | Sewer    | Killed a kobold brigand
  2224 | Sewer    | Reached XP level 6. HP: 33/33 MP: 0/11
  2411 | Sewer    | Found a white marble altar of Elyvilon.
  3654 | D:4      | Found Kuhumeoq's Magic Scroll Boutique.
  3678 | D:4      | Reached skill level 1 in Fighting
  3719 | D:4      | Reached XP level 7. HP: 38/38 MP: 8/13
  3777 | D:4      | Found Gyuggu's Antique Weapon Boutique.
  3800 | D:4      | Found a basalt altar of Yredelemnul.
  3882 | D:4      | Found Vunt's Distillery.
  3890 | D:4      | Bought 2 potions of heal wounds for 120 gold pieces
  3898 | D:4      | Found Ewkerohi's Armour Shop.
  3901 | D:4      | Bought a +0 cloak for 49 gold pieces
  4096 | D:4      | You fall into a shaft and drop 2 floors!
  4160 | D:5      | Entered Level 5 of the Dungeon
  4165 | D:5      | Reached skill level 1 in Long Blades
  4220 | D:5      | Reached skill level 5 in Fire Magic
  4881 | D:4      | Learned a level 4 spell: Flame Wave
  4949 | D:5      | Reached skill level 5 in Spellcasting
  4949 | D:5      | Reached XP level 8. HP: 43/43 MP: 9/15
  5487 | D:5      | Found a shadowy altar of Dithmenos.
  5692 | D:6      | Found a shimmering altar of Xom.
  5692 | D:6      | Found a sparkling altar of Nemelex Xobeh.
  5693 | D:6      | Found a hazy altar of Hepliaklqana.
  5747 | D:6      | Found a radiant altar of Vehumet.
  5751 | D:6      | Became a worshipper of Vehumet
  5886 | D:6      | Noticed Grinder
  5893 | D:6      | Killed Grinder
  5894 | D:6      | Reached skill level 5 in Conjurations
  6250 | D:6      | Found a staircase to the Ecumenical Temple.
  6331 | D:6      | Reached XP level 9. HP: 31/48 MP: 10/18
  7039 | D:7      | Identified the +0 chain mail "Raenli" {*Slow Regen+ Str-5
                  | Stlth+}
  7824 | D:8      | Found a staircase to the Lair.
  7947 | D:8      | Noticed a +0 dagger
  7947 | D:8      | Noticed a +0 spear
  7948 | D:8      | Noticed a +0 falchion
  7948 | D:8      | Noticed a +0 short sword
  7949 | D:8      | Noticed a +0 dagger
  7951 | D:8      | Noticed a +0 short sword
  7951 | D:8      | Noticed a +0 falchion
  7952 | D:8      | Noticed a +0 spear
  7966 | D:8      | Found a hide-covered altar of Uskayaw.
  8211 | D:8      | Reached * piety under Vehumet
  8211 | D:8      | Offered knowledge of Freeze by Vehumet.
  8577 | D:8      | Reached XP level 10. HP: 47/54 MP: 4/21
  9111 | D:8      | Learned a level 1 spell: Freeze
  9128 | D:9      | Noticed a kobold demonologist
  9135 | D:9      | Killed a kobold demonologist
  9476 | D:9      | Noticed Pikel
  9491 | D:9      | Killed Pikel
  9632 | D:9      | Noticed Harold
  9646 | D:9      | Killed Harold
  9818 | D:9      | Identified the +2 robe of the Lost Path {rPois Will+ Regen+
                  | Int-2}
  9908 | D:9      | Reached ** piety under Vehumet
  9908 | D:9      | Offered knowledge of Poisonous Vapours by Vehumet.
 10097 | D:10     | Entered Level 10 of the Dungeon
 10097 | D:10     | Noticed a two-headed ogre
 10105 | D:10     | Killed a two-headed ogre
 10106 | D:10     | Reached XP level 11. HP: 40/60 MP: 14/23
 10385 | D:10     | Found Qonalopp's Overcharged Wands.
 11035 | D:11     | Offered knowledge of Static Discharge by Vehumet.
 11039 | D:11     | Learned a level 2 spell: Static Discharge
 11040 | D:11     | Noticed a two-headed ogre
 11046 | D:11     | Killed a two-headed ogre
 11047 | D:11     | Reached skill level 5 in Stealth
 11065 | D:11     | Noticed a four-headed hydra
 11072 | D:11     | Killed a four-headed hydra
 11380 | D:11     | Found a runed translucent door.
 11384 | D:11     | Noticed dittoslash's ghost (novice PaFi)
 11499 | D:11     | Reached *** piety under Vehumet
 11713 | D:11     | Identified the +12 glaive "Beastbane" {vamp, Int+4 Stlth+}
 12221 | D:11     | Identified the +8 spear "Ihetos" {vorpal, Str+3}
 12690 | D:12     | Reached skill level 5 in Long Blades
 12690 | D:12     | Reached skill level 10 in Fire Magic
 12694 | D:12     | Reached skill level 10 in Spellcasting
 12766 | D:12     | Found a runed translucent gate.
 12766 | D:12     | Found a runed translucent gate.
 12767 | D:12     | Found a runed translucent gate.
 12769 | D:12     | Noticed Netaeli's ghost (journeyman SpVM)
 12912 | D:12     | Noticed a boulder beetle
 13287 | D:12     | HP: 2/60 [slime creature (3)]
 13298 | D:12     | Offered knowledge of Frozen Ramparts by Vehumet.
 13489 | D:12     | Found a staircase to the Orcish Mines.
 13510 | D:12     | Reached XP level 12. HP: 66/66 MP: 15/26
 13659 | D:12     | Reached **** piety under Vehumet
 13661 | D:12     | Offered knowledge of Fireball by Vehumet.
 13995 | D:12     | Killed a boulder beetle
 14113 | D:12     | Identified the +8 shortbow of Biothy {vorpal, *Corrode
                  | +Blink rN+ Dex+2}
 14130 | D:12     | Killed Netaeli's ghost
 14213 | D:12     | Learned a level 5 spell: Fireball
 14607 | D:4      | Bought the +2 pair of boots of Cutoj {+Blink rElec rPois
                  | Int+4} for 529 gold pieces
 14731 | Lair:1   | Entered Level 1 of the Lair of Beasts
 14846 | Lair:1   | Noticed Gastronok
 14869 | Lair:1   | Killed Gastronok
 14887 | Lair:1   | Reached skill level 1 in Evocations
 16044 | Lair:2   | Reached ***** piety under Vehumet
 16376 | Lair:2   | Noticed a seven-headed hydra
 16642 | Lair:2   | Killed a seven-headed hydra
 16650 | Lair:2   | Reached XP level 13. HP: 29/72 MP: 14/28
 16889 | Lair:2   | Offered knowledge of Hailstorm by Vehumet.
 16892 | Lair:2   | Reached skill level 5 in Dodging
 17199 | Lair:2   | Found a staircase to the Swamp.
 17599 | Lair:2   | Noticed a fire dragon
 18263 | Lair:1   | Learned a level 4 spell: Hailstorm
 18392 | Lair:2   | HP: 3/72 [fire dragon (9)]
 18397 | Lair:2   | Killed a fire dragon
 19170 | Lair:3   | Reached skill level 1 in Ice Magic
 19596 | Lair:3   | Found a staircase to the Snake Pit.
 19621 | Lair:3   | Killed from afar by a lindwurm

Illustrated notes

Levels and vault maps discovered:
D:1:      ncdulo_halloftheorcs, layout_loops_ring
D:2:      layout_basic, chequers_ecumenical_altar_simple_redux,
          dk_noncrumbling_2, uniq_natasha
D:3:      layout_basic, portal_sewer_entry_d, serial_bayou_crossing
D:4:      layout_rooms, mainiacjoe_overflow_tiny_flanked, serial_shops,
          kennysheep_mini_moat, shop, nicolae_inconvenience_store,
          nicolae_take_the_stairs
D:5:      layout_rooms, grunt_dithmenos_shadows
D:6:      minmay_chambers_of_threes, layout_cave_pods,
          nicolae_overflow_quartered_altars, temple_green, uniq_grinder
D:7:      layout_rooms
D:8:      layout_basic, nicolae_uskayaw_en_pointe, lair_entry_dummy,
          grunt_ogre_cave, serial_bayou_lagoon_b
D:9:      layout_roguey, uniq_pikel, uniq_harold
D:10:     layout_roguey, nicolae_shop_overcharged_wands
D:11:     layout_basic, ebering_ghost_funeral_grove, david_defended_altar_orc
D:12:     layout_roguey [special_room_orc], erik_orc_1,
          gammafunk_ghost_nasty_kobolds
Lair:1:   layout_cave_pods, serial_bayou_shore_b, grunt_megastairs_2,
          infiniplex_staircase_pool_2, uniq_gastronok
Lair:2:   dragon1_lemuel, layout_loops_ring, minmay_swamp_entry_worms,
          grunt_megastairs_3
Lair:3:   layout_gridlike, minmay_snake_entry_spellcaster,
          chequers_serial_rivers_room_a, kennysheep_basilisk_garden

Skill      XL: |  1  2  3  4  5  6  7  8  9 10 11 12 13 |
---------------+----------------------------------------+-----
Stealth        | 3 4 5 |  5.9
Conjurations   | 2 3 4 5 6 7 8 9 |  9.9
Fire Magic     | 4 5 6 7 9 10 11 12 | 12.2
Spellcasting   | 3 4 5 6 7 8 10 11 12 | 12.2
Fighting       | 1 2 3 4 |  4.9
Long Blades    | 1 3 4 5 |  5.2
Dodging        | 2 3 4 5 |  5.2
Evocations     | 1 |  1.1
Ice Magic      | 1 |  1.0
Air Magic      | |  0.3

Action                   |  1- 3 |  4- 6 |  7- 9 | 10-12 | 13-15 || total
-------------------------+-------+-------+-------+-------+-------++-------
Melee: Long sword        |    10 |    31 |    52 |    56 |       ||   149
       Punch             |       |     1 |       |     1 |       ||     2
       Falchion          |       |       |       |    41 |    26 ||    67
 Cast: Foxfire           |    23 |    75 |   185 |   259 |    70 ||   612
       Scorch            |     2 |     8 |    28 |    64 |    18 ||   120
       Flame Wave        |       |       |     6 |    30 |     7 ||    43
       Freeze            |       |       |       |     3 |    17 ||    20
       Static Discharge  |       |       |       |     1 |       ||     1
       Hailstorm         |       |       |       |       |     6 ||     6
       Fireball          |       |       |       |       |     2 ||     2
       Conjure Flame     |       |       |       |       |     1 ||     1
Evoke: Wand              |       |       |       |     5 |     4 ||     9
       Phantom mirror    |       |       |       |       |     1 ||     1
  Use: Scroll            |       |     6 |    11 |     7 |     4 ||    28
       Potion            |       |       |       |     5 |     4 ||     9
 Stab: Sleeping          |       |     1 |       |       |       ||     1
Armor: Robe              |     1 |    15 |    53 |   131 |    67 ||   267
Dodge: Dodged            |    17 |    18 |    55 |   237 |    82 ||   409
